 Dungeon Crawl Stone Soup version 0.31-a0-986-g5e6e4ef867 (webtiles) character file.

Game seed: 10385758098723334066

522 p00ps00p the Trooper (level 7, 0/62 HPs)
             Began as a Hill Orc Fighter on Nov 10, 2023.
             Was an Initiate of Gozag.
             Slain by a gnoll bouda
             ... wielding a +0 whip
              (8 damage)
             ... on level 5 of the Dungeon.
             The game lasted 00:06:48 (4260 turns).

p00ps00p the Trooper (Hill Orc Fighter)             Turns: 4260, Time: 00:06:48

Health: 0/62       AC:  9    Str: 26    XL:     7   Next: 22%
Magic:  7/7        EV:  8    Int:  8    God:    Gozag
Gold:   95         SH:  5    Dex: 10    Spells: 6/6 levels left

rFire   + . .        a - +0 war axe
rCold   . . .        c - +0 buckler
rNeg    . . .        q - +0 chain mail
rPois   +            (no helmet)
rElec   .            (no cloak)
rCorr   +            (no gloves)
SInv    .            (no boots)
Will    +....        (no amulet) Stlth
                     l - ring of poison resistance
HPRegen 0.30/turn    m - ring "Mouvul" {rF+ Will+ rCorr Str+5}
MPRegen 0.10/turn

%: no passive effects
@: mighty, weakened, gold aura
A: no striking features
a: Renounce Religion, Potion Petition, Call Merchant, Bribe Branch


You were on level 5 of the Dungeon.
You worshipped Gozag.
Gozag was noncommittal.
You visited 1 branch of the dungeon, and saw 5 of its levels.

You collected 185 gold pieces.
You paid 90 gold pieces to Gozag.

Inventory:

Hand Weapons
 a - a +0 war axe (weapon)
Armour
 c - a +0 buckler (worn)
 q - a +0 chain mail (worn)
Jewellery
 l - a ring of poison resistance (left hand)
 m - the ring "Mouvul" (right hand) {rF+ Will+ rCorr Str+5}
   (You found it on level 2 of the Dungeon)

   [ring of willpower]

   Str+5:     It affects your strength (+5).
   rF+:       It protects you from fire.
   Will+:     It increases your willpower.
   rCorr:     It protects you from acid and corrosion.
Wands
 p - a wand of flame (28)
Scrolls
 f - 2 scrolls of teleportation
 n - a scroll of enchant armour
 o - 3 scrolls of identify
Potions
 b - a potion of mutation {unknown}
 e - 2 potions of magic
 h - a potion of degeneration
 i - a potion of curing
 j - 3 potions of resistance
 k - a potion of haste


   Skills:
 + Level 5.7 Fighting
 + Level 5.4 Axes
 + Level 5.2 Armour
 + Level 5.2 Shields


You had 6 spell levels left.
You didn't know any spells.
Your spell library contained the following spells:

 Spells                   Type           Power      Damage    Failure   Level
 Sublimation of Blood     Necr           0%         N/A       98%         2
 Petrify                  Tmut/Erth      0%         N/A       100%        4
 Irradiate                Conj/Tmut      0%         3d11      100%        5
 Iskenderun's Battlesphe  Conj           0%         2d6       100%        5
 Bombard                  Conj/Erth      0%         9d1       100%        6
 Spellforged Servitor     Conj/Summ      0%         N/A       100%        7


Dungeon Overview and Level Annotations

Branches:
Dungeon (5/15)
 Temple: D:4-7

Altars:
Gozag
Hepliaklqana

Shops:
D:1 [


Message History

The gnoll is moderately wounded.
You barely miss the gnoll. The gnoll closely misses you.
You block the gnoll's attack.
You slash the gnoll!
You kill the gnoll!
You barely miss the gnoll. The gnoll hits you but does no damage.
A gnoll comes into view. It is wielding a +0 club.
The gnoll bouda hits you with a +0 whip.
* * * LOW HITPOINT WARNING * * *
The gnoll hits you with a +0 whip.
* * * LOW HITPOINT WARNING * * *
You closely miss the gnoll. You hit the gnoll bouda.
Your attacks no longer feel as feeble.
The gnoll bouda gazes fiercely through you!
You feel your attacks grow feeble. The gnoll bouda barely misses you.
The gnoll hits you with a +0 whip.
* * * LOW HITPOINT WARNING * * *
The gnoll is distracted by your dazzling golden aura.
You slash the gnoll!
The gnoll is heavily wounded.
You hit the gnoll bouda.
The gnoll bouda is distracted by your dazzling golden aura.
The gnoll hits you but does no damage.
Unknown command.
You hit the gnoll.
The gnoll is severely wounded.
You hit the gnoll bouda.
The gnoll bouda is no longer distracted by gold.
The gnoll is no longer distracted by gold.
The gnoll bouda hits you but does no damage.
The gnoll barely misses you. You block the gnoll bouda's attack.
The gnoll hits you with a +0 whip.
* * * LOW HITPOINT WARNING * * *
You block the gnoll's attack.
You slash the gnoll!
You kill the gnoll!
You hit the gnoll bouda. You completely miss the gnoll.
The gnoll bouda hits you with a +0 whip!
You die...
Your body crumbles into a pile of gold.

......## ... ..#.... ...
##.....# .##.. ##......#
.....######...#...#
.#........#...#..#####...
.............#..........#
.......$.$._.....# #....
......$.@$.......##...##
?.....$ggg.###†........#
............###.###.#..##
....!.....#.....>........
.#####....#.......(#.##
#.#..#..........#
#.##........#<..# #.
.........#.......
...........#.####


You could see a gnoll bouda and 2 gnolls.

Vanquished Creatures
  An ogre (D:5)
  A hound (D:5)
  A jelly (D:4)
  An orc priest (D:4)
  3 iguanas
  2 orc wizards (D:4)
  5 gnolls
  8 adders
  3 worms (D:2)
  A dart slug (D:2)
  6 orcs
  9 endoplasms
  5 giant cockroaches
  5 goblins
  5 hobgoblins
  9 jackals
  2 quokkas
  6 ball pythons
  3 bats
  7 kobolds
  4 rats
87 creatures vanquished.

Vanquished Creatures (others)
  An orc wizard (D:4)
1 creature vanquished.

Grand Total: 88 creatures vanquished

Notes
Turn   | Place    | Note
-------+----------+-------------------------------------------
     0 | D:1      | p00ps00p the Hill Orc Fighter began the quest for the Orb.
     0 | D:1      | Reached XP level 1. HP: 19/19 MP: 1/1
   125 | D:1      | Found a faded altar of an unknown god.
   131 | D:1      | Reached XP level 2. HP: 26/27 MP: 2/2
   206 | D:1      | Found Norurere's Antique Armour Shoppe.
   545 | D:1      | Reached XP level 3. HP: 21/33 MP: 3/3
  1106 | D:2      | Identified the ring "Mouvul" {rF+ Will+ rCorr Str+5}
  1410 | D:2      | Reached XP level 4. HP: 40/40 MP: 4/4
  1759 | D:3      | Found a hazy altar of Hepliaklqana.
  1809 | D:3      | Reached XP level 5. HP: 39/47 MP: 5/5
  2930 | D:4      | Reached skill level 5 in Fighting
  2930 | D:4      | Reached XP level 6. HP: 53/56 MP: 6/6
  3401 | D:5      | Entered Level 5 of the Dungeon
  4180 | D:5      | Found an opulent altar of Gozag.
  4221 | D:5      | Became a worshipper of Gozag Ym Sagoz the Greedy
  4226 | D:5      | Reached skill level 5 in Axes
  4226 | D:5      | Reached skill level 5 in Armour
  4226 | D:5      | Reached skill level 5 in Shields
  4232 | D:5      | Reached XP level 7. HP: 45/61 MP: 7/7
  4260 | D:5      | Slain by a gnoll bouda

Illustrated notes

Levels and vault maps discovered:
D:1:      lemuel_arrival_muddy, layout_loops_ring, serial_shops, shop,
          shapermc_ecumenical_altar_mp_ritualfount
D:2:      layout_basic, chequers_serial_rivers_marsh, amethyst_killhole,
          kennysheep_boxes
D:3:      layout_basic, nzn_hepliaklqana_mist_gate
D:4:      layout_loops_corners
D:5:      layout_rooms, nicolae_gozag_seed_capital, serial_shops,
          kennysheep_mini_moat, portal_sewer_entry_a

Skill      XL: |  1  2  3  4  5  6 |
---------------+-------------------+-----
Axes           | 3 4 5 |  5.4
Fighting       | 4 5 |  5.7
Armour         | 4 5 |  5.2
Shields        | 4 5 |  5.2

Action                     |  1- 3 |  4- 6 |  7- 9 || total
---------------------------+-------+-------+-------++-------
  Melee: War axe           |    99 |   154 |    22 ||   275
    Use: Scroll            |     8 |     2 |       ||    10
         Potion            |       |     2 |       ||     2
   Stab: Distracted        |       |       |     1 ||     1
 Armour: Scale mail        |    72 |    97 |       ||   169
         Chain mail        |       |    78 |    21 ||    99
  Dodge: Dodged            |    32 |    95 |    10 ||   137
  Block: Buckler           |    10 |    34 |     9 ||    53

Table legend: (Time is in decaauts)
 A = Elapsed time spent in this place.
 B = Non-inter-level travel time spent in this place.
 C = Inter-level travel time spent in this place.
 D = Time resting spent in this place.
 E = Time spent auto-exploring this place.
 F = Levels seen in this place.
 G = Mean time per level.
                   A        B        C        D        E       F      G
               +--------+--------+--------+--------+--------+-----+--------+
         Total |   4356 |   4262 |     94 |    729 |   2825 |   5 |  871.2 |
       Dungeon |   4356 |   4262 |     94 |    729 |   2825 |   5 |  871.2 |
               +--------+--------+--------+--------+--------+-----+--------+

Top non-repeatable levels by time:
     D:4: 1773 daAuts
     D:3: 964 daAuts
     D:1: 856 daAuts
     D:2: 635 daAuts
     D:5: 125 daAuts
